 Dungeon Crawl Stone Soup version 0.25.0-41-g26779e291d (webtiles) character file.

Game seed: 15564533171333502874

308 Ethylacetat the Changer (level 6, -1/38 HPs)
             Began as an Octopode Transmuter on July 10, 2020.
             Was an Initiate of Sif Muna.
             Slain by a centaur skeleton (2 damage)
             ... on level 4 of the Dungeon.
             The game lasted 00:08:41 (4295 turns).

Ethylacetat the Changer (Octopode Transmuter)       Turns: 4295, Time: 00:08:41

Health: -1/38      AC:  1    Str: 12    XL:     6   Next: 40%
Magic:  19/20      EV: 13    Int: 15    God:    Sif Muna [......]
Gold:   124        SH:  0    Dex: 12    Spells: 8/12 levels left

rFire    . . .     SeeInvis .     - Unarmed
rCold    . . .     Gourm    .   (no shield)
rNeg     . . .     Faith    .   (helmet restricted)
rPois    .         Spirit   .   (no amulet)
rElec    .         Reflect  .   v - ring of magical power
rCorr    .         Harm     .   y - ring of attention (curse)
MR       .....                  (no ring)
Stlth    +.........             (no ring)
HPRegen  0.12/turn              (no ring)
MPRegen  0.17/turn              (no ring)
                                (no ring)
                                (no ring)

@: mighty, lethally poisoned (-1 -> -17), appendage, flying
A: almost no armour, stealthy swim, amphibious, 8 rings, constrict 8, tentacle
spike 3, camouflage 1, gelatinous body 1
a: End Transformation, Renounce Religion


You were on level 4 of the Dungeon.
You worshipped Sif Muna.
Sif Muna was noncommittal.
You were not hungry.
One of your tentacles had a temporary spike.
You visited 1 branch of the dungeon, and saw 4 of its levels.

You collected 124 gold pieces.

Inventory:

Missiles
 a - 47 arrows
Jewellery
 v - a ring of magical power (left tentacle)
 y - a cursed ring of attention (right tentacle)
Wands
 o - a wand of polymorph (9)
 q - a wand of disintegration (17)
 u - a wand of clouds (6)
Scrolls
 b - 3 scrolls of amnesia {unknown}
 e - a scroll of teleportation {unknown}
 g - a scroll of enchant armour {unknown}
 h - 4 scrolls of remove curse {unknown}
 k - 2 scrolls of immolation {unknown}
 l - 2 scrolls of identify {unknown}
 n - 2 scrolls of magic mapping {unknown}
 r - a scroll of noise {unknown}
 x - a scroll of enchant weapon {unknown}
 z - a scroll of blinking {unknown}
Potions
 f - a potion of invisibility {unknown}
 i - a potion of degeneration {unknown}
 j - a potion of heal wounds {unknown}
 m - a potion of flight
 p - 2 potions of might
 s - a potion of berserk rage {unknown}
 t - a potion of curing {unknown}
 w - a potion of cancellation {unknown}
Comestibles
 c - 6 rations


   Skills:
 - Level 1.0 Fighting
 - Level 2.0 Dodging
 - Level 3.0 Unarmed Combat
 + Level 3.6 Spellcasting
 * Level 5.3 Transmutations
 + Level 1.5 Invocations


You had 8 spell levels left.
You knew the following spells:

 Your Spells              Type           Power        Failure   Level  Hunger
a - Beastly Appendage     Tmut           ###...       2%          1    None
b - Spider Form           Tmut/Pois      ##........   19%         3    ###....

Your spell library contained the following spells:

 Spells                   Type           Power        Failure   Level  Hunger
 Sticks to Snakes         Tmut           ###.....     3%          2    ##.....
 Blade Hands              Tmut           ###.......   52%         5    ######.
 Ice Form                 Ice/Tmut       ##......     54%         4    ####...


Dungeon Overview and Level Annotations

Branches:
Dungeon (4/15)
 Temple: D:4-7

Altars:
Sif Muna
Uskayaw
Wu Jian
Xom

Annotations:
D:4 2 transporters, Ethylacetat's ghost, novice OpAs


Innate Abilities, Weirdness & Mutations

You cannot wear most types of armour.
You are very stealthy in the water. (Stealth+)
You are amphibious.
You can wear up to eight rings at the same time.
You can use your tentacles to constrict eight enemies at once.
Your skin changes colour to match your surroundings (Stealth+).
Your rubbery body absorbs attacks. (AC +1, EV +1)
One of your tentacles bears a large vicious spike.


Message History

You are too injured to fight recklessly!
Casting: Beastly Appendage (safe; 2% risk of failure)
Confirm with . or Enter, or press ? or * to list all spells.
One of your tentacles grows a vicious spike.
You feel sick. The centaur skeleton hits you.
* * * LOW HITPOINT WARNING * * *
The orc barely misses you.
It was a potion of flight.
You feel very buoyant.
You fly up into the air.
* * * LOW HITPOINT WARNING * * *
You feel sick. The centaur skeleton barely misses you.
The centaur skeleton hits you.
* * * LOW HITPOINT WARNING * * *
The orc hits you but does no damage.
It was a potion of might.
You feel very mighty all of a sudden.
* * * LOW HITPOINT WARNING * * *
You feel sick. The centaur skeleton hits you.
You die...

>.#....##...#######
......##>...#.....##
...............(...#
..........#.#..#.###
........#####(##.#
.........###(..### #..
........###(....# ......
........##.....##
.#############..@....##
.#..........Z#.oZ.....##
.#.... .....W#.........#
.#..###.###..#.#.......#
.#..#8#.#8#.Z#.#.......#
.#..........?#..#..##...#
©#.....©..Z.$#©...........
.#..........$#..##..#...##
.#..#8#.#8#..#.###### ...#


You could see Ethylacetat's ghost, an orc, a hound zombie, an adder skeleton, a
centaur skeleton and a howler monkey skeleton.

Vanquished Creatures
  A scorpion (D:4)
  2 hounds (D:4)
  Jessica (D:2)
  A hound skeleton (D:4)
  3 gnolls
  3 adders
  2 oozes
  3 worms
  3 dart slugs
  3 leopard geckos
  A ball python (D:4)
  9 bats
  A giant cockroach (D:1)
  9 hobgoblins
  8 quokkas
  10 frilled lizards
  6 goblins
  A jackal skeleton (D:4)
  10 kobolds
  6 rats
  A plant (D:2)
84 creatures vanquished.

Notes
Turn   | Place    | Note
-------+----------+-------------------------------------------
     0 | D:1      | Ethylacetat the Octopode Transmuter began the quest for the
                  | Orb.
     0 | D:1      | Reached XP level 1. HP: 13/13 MP: 3/3
   116 | D:1      | Reached XP level 2. HP: 17/18 MP: 5/5
   403 | D:1      | Reached skill level 3 in Transmutations
   403 | D:1      | Reached XP level 3. HP: 18/23 MP: 4/6
  1465 | D:2      | Noticed Jessica
  1477 | D:2      | Killed Jessica
  1477 | D:2      | Reached XP level 4. HP: 12/28 MP: 5/8
  1685 | D:2      | Found a shimmering altar of Xom.
  1701 | D:2      | Reached skill level 4 in Transmutations
  2025 | D:2      | Reached XP level 5. HP: 32/33 MP: 7/9
  2296 | D:2      | Found an ornate altar of the Wu Jian Council.
  2299 | D:2      | Found a hide-covered altar of Uskayaw.
  3333 | D:3      | Found a shimmering blue altar of Sif Muna.
  3407 | D:3      | Became a worshipper of Sif Muna the Loreminder
  3505 | D:3      | Learned a level 3 spell: Spider Form
  3864 | D:4      | Found a transporter.
  3909 | D:4      | Noticed Ethylacetat's ghost (novice OpAs)
  3911 | D:4      | Found a transporter.
  3912 | D:4      | Reached skill level 1 in Invocations
  3947 | D:4      | Reached XP level 6. HP: 36/38 MP: 11/11
  3970 | D:4      | Reached skill level 5 in Transmutations
  3981 | D:4      | HP: 1/38 [hound (3)]
  4295 | D:4      | HP: 1/38 [poisoned by an orc]
  4295 | D:4      | Slain by a centaur skeleton

Illustrated notes

Levels and vault maps discovered:
D:1:      giann_horns, layout_loops_ring, minivault_24, minmay_split_cup_large
D:2:      wad_woods_stonehenge, layout_basic, minitemple, uniq_jessica
D:3:      layout_basic, solitary_fountain, led_sif_pool
D:4:      layout_cave_pools, lemuel_doored_altar, lightli_temple_of_fire,
          gammafunk_ghost_mausoleum, first_ration, uniq_natasha, uniq_sigmund

Skill      XL: |  1  2  3  4  5  6 |
---------------+-------------------+-----
Transmutations | 3 4 5 |  5.3
Spellcasting   | 3 |  3.6
Invocations    | 1 |  1.5
Fighting       | |  1.0
Dodging        | |  2.0
Unarmed Combat | |  3.0

Action                   |  1- 3 |  4- 6 || total
-------------------------+-------+-------++-------
Melee: Unarmed           |    86 |   127 ||   213
       Constrict         |    23 |    30 ||    53
       Kick              |    14 |    28 ||    42
       Tentacles         |    12 |    31 ||    43
       Punch             |     1 |     3 ||     4
 Cast: Beastly Appendage |    19 |    25 ||    44
  Use: Potion            |       |     2 ||     2
 Stab: Sleeping          |     6 |     6 ||    12
  Eat: Chunk             |     2 |     9 ||    11
Armor: Skin              |     5 |     7 ||    12
Dodge: Dodged            |    56 |    63 ||   119
